 Dungeon Crawl Stone Soup version 0.20-a0-432-g25cc1b4 (webtiles) character file.

6424 Da5id the Slinger (level 11, -4/69 HPs)
             Began as a Halfling Hunter on Jan 2, 2017.
             Was an Elder of Okawaru.
             Slain by Ofeo's ghost (12 damage)
             ... on level 9 of the Dungeon.
             The game lasted 00:26:13 (10552 turns).

Da5id the Slinger (Halfling Hunter)                Turns: 10552, Time: 00:26:14

Health: -4/69      AC: 18    Str: 16    XL:     11   Next: 18%
Magic:  12/15      EV: 17    Int:  9    God:    Okawaru [****..]
Gold:   511        SH:  0    Dex: 16    Spells: 10/10 levels left

rFire  + . .     SeeInvis .     b - +5 war axe
rCold  . . .     Gourm    .     M - +2 chain mail {rPois}
rNeg   . . .     Faith    +     (shield restricted)
rPois  +         Spirit   .     t - +2 helmet
rElec  .         Reflect  .     (no cloak)
rCorr  .         Harm     .     (no gloves)
MR     .....                    v - +0 pair of boots
Stlth  ..........               h - amulet of faith
                                D - ring of protection from fire
                                L - +2 ring of evasion

@: heroism
A: mutation resistance 1
a: Heroism, Renounce Religion


You were on level 9 of the Dungeon.
You worshipped Okawaru.
Okawaru was greatly pleased with you.
You were not hungry.

You visited 2 branches of the dungeon, and saw 10 of its levels.

You collected 511 gold pieces.

Inventory:

Hand Weapons
 a - a +1 hunting sling
 b - a +5 war axe (weapon)
Missiles
 d - 98 sling bullets
 e - 215 stones (quivered)
Armour
 l - a +0 plate armour
 t - a +2 helmet (worn)
 v - a +0 pair of boots (worn)
 M - a +2 chain mail of poison resistance (worn)
Jewellery
 h - an amulet of faith (around neck)
 n - a +4 ring of intelligence
 B - an uncursed ring of ice
 D - a ring of protection from fire (right hand)
 L - a +2 ring of evasion (left hand)
 N - an uncursed ring of protection from fire
 S - an uncursed amulet of regeneration
Wands
 p - a wand of polymorph (11/24)
 x - a wand of enslavement (12/24)
 P - a wand of paralysis (14/24)
Scrolls
 j - 3 scrolls of remove curse {unknown}
 m - 3 scrolls of teleportation {unknown}
 r - 4 scrolls of identify
 u - 2 scrolls of blinking {unknown}
 y - a scroll of fear {unknown}
 A - a scroll of immolation {unknown}
 C - a scroll of amnesia {unknown}
 G - 2 scrolls of magic mapping {unknown}
 I - a scroll of noise {unknown}
 J - a scroll of recharging {unknown}
 K - 3 scrolls of enchant armour {unknown}
 R - a scroll of random uselessness {unknown}
Potions
 c - a potion of resistance {unknown}
 g - 2 potions of magic {unknown}
 i - a potion of berserk rage {unknown}
 k - 2 potions of heal wounds
 q - a potion of mutation {unknown}
 s - a potion of cancellation {unknown}
 w - a potion of lignification {unknown}
 E - a potion of haste {unknown}
 F - 4 potions of curing {unknown}
 H - 2 potions of brilliance {unknown}
 W - a potion of degeneration {unknown}
Books
 Q - a book of Air

   Spells                             Type                      Level
   a - Shock                          Conjuration/Air              1
   b - Swiftness                      Charms/Air                   2
   c - Repel Missiles                 Charms/Air                   2
   d - Static Discharge               Conjuration/Air              3
   e - Lightning Bolt                 Conjuration/Air              5
 U - a book of Changes

   Spells                             Type                      Level
   a - Beastly Appendage              Transmutation                1
   b - Sticks to Snakes               Transmutation                2
   c - Spider Form                    Transmutation/Poison         3
   d - Ice Form                       Ice/Transmutation            4
   e - Blade Hands                    Transmutation                5
Comestibles
 f - 6 bread rations
 o - 2 beef jerkies
 z - 3 fruits
 O - a slice of pizza
 V - a meat ration


   Skills:
 - Level 4.2(9.2) Fighting
 - Level 10.8(15.8) Axes
 - Level 12.3(17.3) Slings
 - Level 4.3(9.3) Armour
 - Level 4.7(9.7) Dodging
 - Level 1.1(6.1) Stealth
 + Level 6.0 Invocations


You had 10 spell levels left.
You didn't know any spells.

Dungeon Overview and Level Annotations

Branches:
Dungeon (9/15)             Temple (1/1) D:6
   Lair: D:8-11         Orc: D:9-12

Altars:
Cheibriados
Elyvilon
Fedhas
Hepliaklqana
Kikubaaqudgha
Makhleb
Nemelex Xobeh
Okawaru
Qazlal
Ru
Sif Muna
Trog
Xom
Yredelemnul
The Shining One

Shops:
D:4 }

Annotations:
D:6 1 runed door
D:9 Ofeo's ghost, novice KoAM


Innate Abilities, Weirdness & Mutations

You are small and have problems with some larger weapons.
You are somewhat resistant to further mutation.


Message History

You slash the two-headed ogre!
The two-headed ogre is almost dead.
You closely miss Ofeo's ghost. The two-headed ogre barely misses you.
The two-headed ogre closely misses you.
You hit the two-headed ogre.
The two-headed ogre is almost dead.
You hit Ofeo's ghost but do no damage. Ofeo's ghost hits you!
* * * LOW HITPOINT WARNING * * *
You hit the two-headed ogre.
The two-headed ogre is almost dead.
You slash Ofeo's ghost! The two-headed ogre barely misses you.
The two-headed ogre misses you. Ofeo's ghost misses you.
You hit the two-headed ogre but do no damage.
You punch the two-headed ogre.
You kill the two-headed ogre!
Okawaru is honoured by your kill.
Your life force feels restored.
Your Invocations skill gained 2 levels and is now at level 6!
You hit Ofeo's ghost but do no damage. Ofeo's ghost hits you!
You die...

#.# #)# #.# #(# #.# #(#
#######.## #.#
#.<^.....######(##
#.#####.........(# #.#
#.#######..# #.#####.#
#####.)########
........##......W@).....#
........##.####..####...#
#.####............ . ###
#####.####.... # ##.##
#.# #.# #.


You could see Ofeo's ghost.

Vanquished Creatures
  2 two-headed ogres
  Pikel (D:5)
  Joseph (D:8)
  A centaur skeleton (D:7)
  A hornet (D:9)
  A hippogriff (D:8)
  A spriggan (D:7)
  3 yaks (D:6)
  Sigmund (D:2)
  An orc warrior (D:8)
  An ice beast (D:7)
  3 phantoms
  A slave (D:5)
  2 centaurs
  6 ogres
  A bullfrog (D:8)
  A big kobold (D:8)
  5 scorpions
  8 wights
  A howler monkey (D:8)
  2 crimson imps
  A bullfrog zombie (D:7)
  A quasit (D:8)
  5 hounds
  3 jellies (D:8)
  2 orc priests
  3 orc wizards
  3 iguanas
  Terence (D:3)
  7 worker ants
  A hound zombie (D:7)
  A worker ant zombie (D:6)
  Robin (D:2)
  8 gnolls
  7 adders
  3 oozes
  An adder skeleton (D:5)
  An adder zombie (D:5)
  3 worms
  3 dart slugs (D:1)
  2 leopard geckos
  16 orcs
  2 giant cockroaches (D:2)
  11 goblins
  10 hobgoblins
  24 jackals
  18 kobolds
  3 quokkas
  A ball python zombie (D:5)
  10 bats
  10 frilled lizards
  A jackal zombie (D:7)
  A leopard gecko skeleton (D:6)
  A quokka skeleton (D:4)
  12 rats
221 creatures vanquished.

Vanquished Creatures (others)
  A slave (D:5)
  An orc (D:5)
  A frilled lizard (D:5)
3 creatures vanquished.

Grand Total: 224 creatures vanquished

Notes
Turn   | Place    | Note
-------+----------+-------------------------------------------
     0 | D:1      | Da5id the Halfling Hunter began the quest for the Orb.
     0 | D:1      | Reached XP level 1. HP: 14/14 MP: 1/1
    35 | D:1      | Reached skill level 6 in Slings
   360 | D:1      | Reached XP level 2. HP: 19/19 MP: 2/2
   426 | D:1      | Reached skill level 7 in Slings
   426 | D:1      | Reached XP level 3. HP: 23/24 MP: 3/3
   786 | D:2      | Noticed Sigmund
   806 | D:2      | Killed Sigmund
   806 | D:2      | Reached skill level 9 in Slings
   806 | D:2      | Reached XP level 4. HP: 23/29 MP: 4/4
   806 | D:2      | Reached XP level 5. HP: 27/34 MP: 5/5
   806 | D:2      | Reached XP level 6. HP: 32/39 MP: 6/6
  1056 | D:2      | Noticed Robin
  1092 | D:2      | Killed Robin
  1092 | D:2      | Reached skill level 10 in Slings
  2151 | D:3      | Found a basalt altar of Yredelemnul.
  2153 | D:3      | Found an ancient bone altar of Kikubaaqudgha.
  2154 | D:3      | Found a white marble altar of Elyvilon.
  2214 | D:3      | Noticed Terence
  2235 | D:3      | Killed Terence
  2374 | D:3      | Found a sacrificial altar of Ru.
  2401 | D:3      | Found a deep blue altar of Sif Muna.
  2897 | D:4      | Noticed an ogre
  2902 | D:4      | Killed an ogre
  2902 | D:4      | Reached skill level 11 in Slings
  2902 | D:4      | Reached XP level 7. HP: 44/44 MP: 7/7
  2973 | D:3      | Reached skill level 12 in Slings
  3365 | D:4      | Found Baovuapn's Gadget Shop.
  3411 | D:4      | Found a burning altar of Makhleb.
  3621 | D:4      | Reached skill level 1 in Armour
  3795 | D:5      | Entered Level 5 of the Dungeon
  3805 | D:5      | Reached XP level 8. HP: 48/50 MP: 8/8
  3950 | D:5      | Reached skill level 1 in Axes
  5178 | D:5      | Reached skill level 5 in Axes
  5608 | D:5      | Noticed Pikel
  5655 | D:5      | Killed Pikel
  5655 | D:5      | Reached XP level 9. HP: 30/54 MP: 9/9
  6246 | D:6      | Found a staircase to the Ecumenical Temple.
  6252 | Temple   | Entered the Ecumenical Temple
  6447 | Temple   | Upgraded the game from 0.20-a0-428-g059cf21 to 0.20-a0-432-g25cc1b4
  6477 | Temple   | Became a worshipper of Warmaster Okawaru
  6850 | D:6      | Reached * piety under Okawaru
  7013 | D:6      | Found a runed door.
  7014 | D:6      | Got a warped mace
  7520 | D:7      | Reached skill level 10 in Axes
  7609 | D:7      | Reached XP level 10. HP: 31/60 MP: 10/10
  8126 | D:7      | Reached ** piety under Okawaru
  8652 | D:7      | Identified the +0 mace "Gewachir" {freeze, +Blink rF- MR+++ Int+2} (You found it on level 6 of the Dungeon)
  9247 | D:8      | Noticed a two-headed ogre
  9254 | D:8      | Killed a two-headed ogre
  9254 | D:8      | Reached *** piety under Okawaru
  9428 | D:8      | Found a glowing golden altar of the Shining One.
  9523 | D:8      | Received a gift from Okawaru
  9786 | D:8      | Noticed Joseph
  9803 | D:8      | Killed Joseph
  9803 | D:8      | Reached XP level 11. HP: 51/69 MP: 9/13
 10539 | D:9      | Noticed a two-headed ogre
 10542 | D:9      | Noticed Ofeo's ghost (novice KoAM)
 10552 | D:9      | Killed a two-headed ogre
 10552 | D:9      | Reached **** piety under Okawaru
 10552 | D:9      | Slain by Ofeo's ghost

Vault maps used:
D:1:      lemuel_arrival_broad_hall, minmay_misc_feat_iff, minmay_tromino_v7
D:2:      hangedman_decor_growths, uniq_robin, uniq_sigmund
D:3:      nicolae_overflow_crystal_walls, lemuel_round_altar,
          grunt_temple_overflow_open, hangedman_decor_opposing,
          grunt_ministairs_2, feat_on_display, uniq_terence
D:4:      serial_shops, nicolae_shop_competitors_out_of_business, first_bread,
          bloody_makhleb
D:5:      uniq_pikel
D:6:      kennysheep_cross_bottleneck, uniq_crazy_yiuf_cottage
D:7:      minmay_misc_feat_diagonals, the_bakery, minmay_misc_feat_secret_circle
D:8:      kennysheep_mini_moat, uniq_joseph
D:9:      minmay_overflow_temple_star_hex, vehumet_crystals, dpeg_lair_monsters,
          zombieorc1_lemuel, serial_shops, nicolae_shop_stone,
          water_boxes_lemuel
Temple:   jpeg_temple_island

Skill      XL: |  1  2  3  4  5  6  7  8  9 10 11 |
---------------+----------------------------------+-----
Slings         | 6 7 9 11 12 | 12.3
Fighting       | 2 4 |  4.2
Armour         | 1 4 |  4.3
Axes           | 7 10 | 10.8
Dodging        | 4 |  4.7
Invocations    | 2 6 |  6.0
Stealth        | |  1.1

Action                   |  1- 3 |  4- 6 |  7- 9 | 10-12 || total
-------------------------+-------+-------+-------+-------++-------
Melee: Short sword       |    15 |       |       |       ||    15
       War axe           |       |       |    90 |   152 ||   242
       Punch             |       |       |       |     1 ||     1
 Fire: Hunting sling     |    77 |   176 |   364 |   148 ||   765
Invok: Heroism           |       |       |       |     7 ||     7
  Use: Potion            |       |       |     4 |       ||     4
       Scroll            |       |       |       |     1 ||     1
 Stab: Sleeping          |     1 |       |       |       ||     1
  Eat: Chunk             |       |     6 |     9 |    10 ||    25
       Pizza             |       |       |     1 |       ||     1
       Royal jelly       |       |       |     1 |       ||     1
Armor: Leather armour    |     5 |     5 |       |       ||    10
       Plate armour      |       |    30 |   116 |       ||   146
       Chain mail        |       |       |    15 |    38 ||    53
Dodge: Dodged            |    27 |    36 |    82 |    76 ||   221
